 Dungeon Crawl Stone Soup version 0.24.1-8-ga250c9d538 (webtiles) character file.

Game seed: 8332511965268966964, levelgen mode: deterministic

343 H0rd4k the Magician (level 6, 0/32 HPs)
             Began as a Deep Elf Wizard on May 9, 2020.
             Succumbed to a scorpion's poison
             ... on level 4 of the Dungeon.
             The game lasted 00:08:06 (3600 turns).

H0rd4k the Magician (Deep Elf Wizard)               Turns: 3600, Time: 00:08:07

Health: 0/32       AC:  4    Str:  4    XL:     6   Next: 31%
Magic:  7/17       EV: 12    Int: 25    God:
Gold:   217        SH:  0    Dex: 13    Spells: 9/18 levels left

rFire    . . .     SeeInvis .   w - +5 dagger
rCold    . . .     Gourm    .   (no shield)
rNeg     . . .     Faith    .   a - +0 robe
rPois    .         Spirit   .   b - +0 hat
rElec    .         Reflect  .   (no cloak)
rCorr    .         Harm     .   (no gloves)
MR       .....                  (no boots)
Stlth    ++........             (no amulet)
HPRegen  0.10/turn              (no ring)
MPRegen  0.15/turn              (no ring)

@: lethally poisoned (0 -> -12), drained
A: hooves 1, slimy green scales 1
a: no special abilities


You were on level 4 of the Dungeon.
You were not hungry.

You visited 1 branch of the dungeon, and saw 4 of its levels.

You collected 217 gold pieces.

Inventory:

Hand Weapons
 w - a +5 dagger (weapon)
Missiles
 q - 2 curare-tipped darts (quivered)
 s - 21 poisoned darts
Armour
 a - a +0 robe (worn)
 b - a +0 hat (worn)
Jewellery
 v - an uncursed ring of protection from cold {unknown}
 A - an uncursed amulet of the gourmand {unknown}
Wands
 r - a wand of flame (16)
Scrolls
 f - a scroll of immolation {unknown}
 g - 5 scrolls of identify {unknown}
 i - a scroll of magic mapping {unknown}
 k - a scroll of enchant armour {unknown}
 l - a scroll of blinking {unknown}
 m - 2 scrolls of teleportation {unknown}
 o - a scroll of amnesia {unknown}
 p - 3 scrolls of remove curse {unknown}
 u - a scroll of fog {unknown}
 x - a scroll of enchant weapon {unknown}
 y - a scroll of noise {unknown}
 z - a scroll of fear {unknown}
Potions
 e - 3 potions of agility
 h - a potion of flight {unknown}
 j - a potion of mutation
 n - a potion of ambrosia {unknown}
 t - a potion of heal wounds {unknown}
Comestibles
 d - 6 rations


   Skills:
 + Level 0.1(0.0) Fighting
 + Level 2.6(2.1) Dodging
 + Level 2.6(2.0) Stealth
 + Level 6.8(6.2) Spellcasting
 + Level 4.7(4.1) Conjurations
   Level 1.1(0.5) Summonings
 + Level 1.1(0.5) Translocations
 + Level 1.1(0.5) Fire Magic
 + Level 1.0(0.5) Air Magic
 + Level 0.7(0.1) Poison Magic


You had 9 spell levels left.
You knew the following spells:

 Your Spells              Type           Power        Failure   Level  Hunger
a - Magic Dart            Conj           ####         1%          1    None
b - Blink                 Tloc           N/A          9%          2    None
c - Conjure Flame         Conj/Fire      ###.....     9%          3    None
d - Mephitic Cloud        Conj/Pois/Air  ###.....     11%         3    None

Your spell library contained the following spells:

 Spells                   Type           Power        Failure   Level  Hunger
 Call Imp                 Summ           ##......     9%          2    None
 Slow                     Hex            #.......     11%         2    None


Dungeon Overview and Level Annotations

Branches:
Dungeon (4/15)             Temple (0/1) D:4

Altars:
Qazlal

Annotations:
D:3 exclusion: downstairs


Innate Abilities, Weirdness & Mutations

You have large cloven feet.
You are partially covered in slimy green scales. (AC +2)


Message History

Aim: a scorpion (severely wounded)
The magic dart hits the scorpion but does no damage.
The scorpion is severely wounded.
The scorpion misses you.
Casting: Magic Dart (safe; 1% risk of failure)
Confirm with . or Enter, or press ? or * to list all spells.
Aiming: Magic Dart (safe; 1% risk of failure)
Press: ? - help, Shift-Dir - straight line, f/p - scorpion
Aim: a scorpion (severely wounded)
The magic dart hits the scorpion.
The scorpion is almost dead.
The scorpion stings you.
* * * LOW HITPOINT WARNING * * *
You are lethally poisoned!
The scorpion poisons you!
It was a potion of mutation.
You feel extremely strange.
Your connection to magic feels subdued.
Your magic regains its normal vibrancy.
Your feet thicken and deform.
Slimy green scales grow over part of your body.
You die...

##...........#....#......#....O..
##..##.......#....+..>...#...##..
##..##...##..#....#......#...##..
....##...##..#....#####'###..##..
.....#....#..'...........###+##..
.....#....#..#...........#...'...
##...#....#..###'#.......+...#...
#...##รท############.#....#..
#... #...##...###(#.#@#..#....#.
##.. ######....#(..#s###.#....#
### #.....#.####.#..#....#
#.....# #.###.#....# #.....#
##.#..#....# ####### ##.#.#....#
###.###### ..# .##


You could see a scorpion.

Vanquished Creatures
  A scorpion (D:4)
  A jelly (D:3)
  Terence (D:2)
  Ijyb (D:3)
  Natasha (thrice) (D:3)
  A worker ant (D:4)
  4 adders (D:4)
  2 worms (D:2)
  A dart slug (D:1)
  A leopard gecko (D:3)
  An orc (D:4)
  5 giant cockroaches
  2 goblins
  9 hobgoblins
  5 jackals (D:3)
  4 quokkas (D:2)
  A ball python (D:1)
  7 bats
  3 frilled lizards (D:1)
  6 kobolds
  23 rats
82 creatures vanquished.

Notes
Turn   | Place    | Note
-------+----------+-------------------------------------------
     0 | D:1      | H0rd4k the Deep Elf Wizard began the quest for the Orb.
     0 | D:1      | Reached XP level 1. HP: 10/10 MP: 7/7
   232 | D:1      | Reached skill level 5 in Spellcasting
   310 | D:1      | Reached XP level 2. HP: 13/15 MP: 5/10
   938 | D:2      | Found a stormy altar of Qazlal.
   983 | D:2      | Reached XP level 3. HP: 19/19 MP: 2/11
   987 | D:2      | Learned a level 2 spell: Blink
   991 | D:2      | Learned a level 3 spell: Conjure Flame
   995 | D:2      | Learned a level 3 spell: Mephitic Cloud
  1519 | D:3      | Noticed Terence
  1932 | D:2      | Killed Terence
  1932 | D:2      | Reached XP level 4. HP: 24/24 MP: 4/13
  2017 | D:3      | Noticed Ijyb
  2119 | D:3      | Killed Ijyb
  2119 | D:3      | Reached skill level 6 in Spellcasting
  2284 | D:3      | Reached XP level 5. HP: 28/28 MP: 7/15
  2540 | D:3      | Noticed Natasha
  2546 | D:3      | Killed Natasha
  2771 | D:3      | Noticed Natasha
  2785 | D:3      | Killed Natasha
  3050 | D:3      | Noticed Natasha
  3062 | D:3      | Killed Natasha
  3124 | D:4      | Reached skill level 1 in Fire Magic
  3124 | D:4      | Reached XP level 6. HP: 32/32 MP: 4/17
  3166 | D:4      | Found a staircase to the Ecumenical Temple.
  3321 | D:4      | Reached skill level 1 in Air Magic
  3599 | D:4      | HP: 1/32 [scorpion (4)]
  3600 | D:4      | Gained mutation: Your spells are a little easier to cast,
                  | but a little less powerful. [potion of mutation]
  3600 | D:4      | Lost mutation: Your spells are a little easier to cast, but
                  | a little less powerful. [potion of mutation]
  3600 | D:4      | Gained mutation: You have large cloven feet. [potion of
                  | mutation]
  3600 | D:4      | Gained mutation: You are partially covered in slimy green
                  | scales. (AC +2) [potion of mutation]
  3600 | D:4      | Succumbed to a scorpion's poison

Levels and vault maps discovered:
D:1:      evilmike_arrival_sounds_zot, layout_basic
D:2:      layout_rooms, grunt_qazlal_sundering
D:3:      layout_basic, dk_vineyard_3, minmay_rat_hole, uniq_terence,
          uniq_natasha, uniq_ijyb
D:4:      layout_gridville, minmay_temple_entry_crystal_x, minmay_small_thing,
          uniq_duvessa, uniq_sigmund

Skill      XL: |  1  2  3  4  5  6 |
---------------+-------------------+-----
Spellcasting   | 5 6 |  6.8
Conjurations   | 2 3 4 |  4.7
Fire Magic     | 1 |  1.1
Air Magic      | 1 |  1.0
Fighting       | |  0.1
Dodging        | |  2.6
Stealth        | |  2.6
Summonings     | |  1.1
Translocations | |  1.1
Poison Magic   | |  0.7

Action                   |  1- 3 |  4- 6 || total
-------------------------+-------+-------++-------
Melee: Unarmed           |     1 |       ||     1
 Cast: Magic Dart        |   132 |    71 ||   203
       Conjure Flame     |     3 |    13 ||    16
       Mephitic Cloud    |     2 |    12 ||    14
       Blink             |       |     4 ||     4
  Use: Potion            |       |     3 ||     3
  Eat: Chunk             |     3 |     5 ||     8
Armor: Robe              |     4 |     2 ||     6
Dodge: Dodged            |    18 |    14 ||    32
